 Dungeon Crawl Stone Soup version 0.15-a0-2130-g28e4b74 (webtiles) character file.

29993 KaKa the Brawler (level 13, -5/114 HPs)
             Began as a Troll Monk on July 17, 2014.
             Was a High Priest of Okawaru.
             Killed by divine providence
             ... invoked by an orc priest
              (12 damage)
             ... on Level 12 of the Dungeon.
             The game lasted 00:53:29 (11757 turns).

KaKa the Brawler (Troll Monk)                      Turns: 11757, Time: 00:53:29

HP  -5/114       AC  9     Str 26      XL: 13   Next: 18%
MP  18/18        EV 13     Int  6      God: Okawaru [*****.]
Gold 677         SH  0     Dex 12      Spells:  0 memorised, 12 levels left

rFire  + . .     SeeInvis .       - Unarmed
rCold  + . .     Clarity  .     s - +2 robe {rF+}
rNeg   + . .     rCorr    .     (shield restricted)
rPois  .         rRot     .     I - +0 hat
rElec  .         Spirit   .     n - +1 cloak
SustAb +         Warding  +     (gloves unavailable)
rMut   .         Stasis   .     (boots unavailable)
Gourm  +                        g - amulet of warding
MR     .....                    G - ring of protection from cold
                                z - ring of sustain abilities

@: heroism, not resistant to hostile enchantments, unstealthy
A: unfitting armour, claws 3, fast metabolism 3, frail 1, gourmand, regeneration
2, saprovore 2, shaggy fur 1, tough skin 2
a: Heroism, Finesse, Renounce Religion


You were on level 12 of the Dungeon.
You worshipped Okawaru.
Okawaru was extremely pleased with you.
You were full.

You visited 3 branches of the dungeon, and saw 14 of its levels.
You also visited: Ice Cave.

You collected 1144 gold pieces.
You spent 467 gold pieces at shops.

Inventory:

Hand weapons
 t - a +1 blowgun
Missiles
 p - 8 curare-tipped needles
 y - 3 tomahawks (quivered)
Armour
 n - a +1 cloak (worn)
 q - a +0 troll leather armour
 s - a +2 robe of fire resistance (worn)
 H - a +2 robe of positive energy
 I - a +0 hat (worn)
 L - a +0 animal skin of cold resistance
 O - a +2 robe of cold resistance
Magical devices
 a - a wand of random effects (14)
 o - a wand of fireball (3)
 u - a wand of draining (0)
 v - a wand of flame (2)
 w - a wand of lightning (1)
 A - a wand of polymorph (9)
 E - a wand of teleportation (4)
 P - a wand of disintegration (10)
 R - a wand of lightning (6)
Comestibles
 b - 9 meat rations
 d - 12 bread rations
 r - 4 beef jerkies
 D - 16 fruits
 F - 6 slices of pizza
Scrolls
 e - 4 scrolls of remove curse
 f - 5 scrolls of identify
 h - a scroll of random uselessness
 j - 3 scrolls of teleportation
 k - a scroll of immolation
 x - 3 scrolls of magic mapping
 B - 3 scrolls of amnesia
 C - 3 scrolls of fog
 J - 2 scrolls of torment
 M - a scroll of enchant armour
 N - a scroll of silence
Jewellery
 g - an amulet of warding (around neck)
 i - an uncursed amulet of resist corrosion
 z - a ring of sustain abilities (left claw)
 G - a ring of protection from cold (right claw)
Potions
 c - 3 potions of resistance
 l - 3 potions of curing
 T - a potion of restore abilities
Books
 m - a book of Envenomations

   Spells                             Type                      Level
   Spider Form                        Transmutation/Poison         3
   Alistair's Intoxication            Transmutation/Poison         4
   Olgreb's Toxic Radiance            Poison                       4
   Poisonous Cloud                    Conjuration/Poison/Air       6
 K - a book of Maledictions

   Spells                             Type                      Level
   Corona                             Hexes                        1
   Sure Blade                         Hexes/Charms                 2
   Ensorcelled Hibernation            Hexes/Ice                    2
   Confuse                            Hexes                        3
   Dazzling Spray                     Conjuration/Hexes            3
   Enslavement                        Hexes                        4
Miscellaneous
 Q - a plain deck of summonings {drawn: 2}
 S - a plain deck of defence {drawn: 2}


   Skills:
 + Level 8.3(13.3) Fighting
 - Level 2.4(7.4) Dodging
 - Level 1.1(6.1) Stealth
 * Level 18.3(23.3) Unarmed Combat
 - Level 6.4 Invocations


You had 12 spell levels left.
You didn't know any spells.

Dungeon Overview and Level Annotations

Branches:
Dungeon (12/15)            Temple (1/1) D:6             Orc (1/4) D:10
   Lair (0/8) D:10

Altars:
Ashenzari
Cheibriados
Dithmenos
Elyvilon
Fedhas
Gozag
Kikubaaqudgha
Makhleb
Nemelex Xobeh
Okawaru
Qazlal
Sif Muna
Trog
Vehumet
Xom
Yredelemnul
Zin
The Shining One

Shops:
D:8 [   Orc:1 (:(?

Portals:
Trove: D:12 (give wand of hasting (9))


Innate Abilities, Weirdness & Mutations

You are too large for most types of armour.
You have claws for hands.
Your metabolism is lightning-fast.
You like to eat raw meat.
You heal very quickly.
You can eat rotten meat.
You are covered in fur (AC +1).
You have very tough skin (AC +2).
You are frail (-10% HP).


Message History

The orc wizard gestures wildly while chanting.
The orc wizard blinks!
Things that are here:
a giant club; a great mace The orc priest's eyes start to glow.
The ogre hits you with a giant club!
* * * LOW HITPOINT WARNING * * *
Read which item? (? for menu, Esc to quit)
Okay, then.
Drink which item? (? for menu, Esc to quit)
Okay, then.
You claw the ogre!
The ogre is almost dead.
The orc priest looks braver.
The ogre hits you but does no damage.
You closely miss the ogre. Your punch misses the ogre.
The ogre is almost dead.
The orc priest mumbles some strange prayers to Beogh against you.
Something smites you!
You die...

......# #.########
......######.........
.............########
######.#####.# . # #.# #.#
... # #.# #.# .... # #.# #.#
..... # #.#
#.#########o......
######.#####....@OO))oao.....
.............################
.............# .............#
.............# ......(......#
......)......# ..)..........#
.............#


You could see an orc warrior, 2 ogres, a worker ant, an orc priest and an orc
wizard.

Vanquished Creatures
  A frost giant (IceCv)
  2 hydras
  An ogre mage (D:12)
  Erica (D:10)
  2 death yaks (IceCv)
  6 hill giants
  An ice statue (IceCv)
  2 griffons (D:10)
  A manticore (D:11)
  Psyche (D:9)
  5 trolls
  14 polar bears
  A two-headed ogre (D:12)
  2 deep elf magi (D:11)
  A wraith (D:12)
  A shadow (D:12)
  A hippogriff (D:12)
  47 yaks
  A hog (D:10)
  13 wolves (IceCv)
  3 hill giant skeletons
  Menkaure (D:5)
  6 black bears
  A sky beast (D:11)
  5 ice beasts
  3 phantoms
  4 orc warriors
  13 ogres
  A boring beetle (D:8)
  Sigmund (D:7)
  A centaur (D:7)
  4 giant frogs
  4 big kobolds
  A gnoll sergeant (D:5)
  A water moccasin skeleton (D:7)
  2 scorpions
  8 killer bees
  4 crimson imps
  2 goliath beetles (D:8)
  A giant frog zombie (D:9)
  9 hounds
  A jelly (D:5)
  A two-headed ogre zombie (D:9)
  An elf zombie (D:12)
  A centaur skeleton (D:5)
  Crazy Yiuf (D:2)
  9 orc priests
  2 iguanas
  A gnoll shaman (D:8)
  17 orc wizards
  10 worker ants
  7 sheep
  Jessica (D:2)
  Terence (D:2)
  2 hound skeletons (D:6)
  12 gnolls
  12 adders
  A giant mite (D:4)
  A green rat (D:10)
  5 shadow imps
  3 worms
  An orc skeleton (D:9)
  2 orc zombies
  An ooze (D:1)
  66 orcs
  A ball python (D:6)
  20 bats
  A bat zombie (D:6)
  3 giant cockroaches
  13 goblins
  15 hobgoblins
  16 jackals
  18 kobolds
  5 quokkas
  4 giant geckos
  4 giant newts
  A giant spore (D:9)
  A kobold skeleton (D:4)
  A quokka zombie (D:9)
  22 rats
  10 ballistomycetes
  A bush (D:2)
474 creatures vanquished.

Vanquished Creatures (others)
  A giant spore (D:7)
  A fungus (D:10)
2 creatures vanquished.

Grand Total: 476 creatures vanquished

Notes
Turn   | Place    | Note
--------------------------------------------------------------
     0 | D:1      | KaKa, the Troll Monk, began the quest for the Orb.
     0 | D:1      | Reached XP level 1. HP: 22/22 MP: 1/1
   219 | D:1      | Reached XP level 2. HP: 29/29 MP: 1/1
  1086 | D:2      | Reached skill level 5 in Unarmed Combat
  1086 | D:2      | Reached XP level 3. HP: 31/36 MP: 2/2
  1305 | D:2      | Noticed Jessica
  1312 | D:2      | Killed Jessica
  1394 | D:2      | Found a snail-covered altar of Cheibriados.
  1424 | D:2      | Reached XP level 4. HP: 31/44 MP: 2/2
  1497 | D:2      | Found a deep blue altar of Sif Muna.
  1723 | D:2      | Noticed Terence
  1730 | D:2      | Killed Terence
  2018 | D:2      | Noticed Crazy Yiuf
  2028 | D:2      | Killed Crazy Yiuf
  2028 | D:2      | Reached skill level 6 in Unarmed Combat
  2167 | D:3      | Reached XP level 5. HP: 47/50 MP: 2/2
  2616 | D:3      | Found a radiant altar of Vehumet.
  2616 | D:3      | Found a white marble altar of Elyvilon.
  2887 | D:4      | Reached skill level 7 in Unarmed Combat
  3143 | D:4      | Reached XP level 6. HP: 59/59 MP: 3/3
  3428 | D:5      | Entered Level 5 of the Dungeon
  3457 | D:4      | Reached skill level 8 in Unarmed Combat
  3544 | D:5      | Reached XP level 7. HP: 52/66 MP: 3/3
  3709 | D:5      | Reached skill level 9 in Unarmed Combat
  3817 | D:5      | Noticed Menkaure
  3820 | D:5      | Found an ancient bone altar of Kikubaaqudgha.
  3827 | D:5      | Killed Menkaure
  3877 | D:5      | Found a radiant altar of Vehumet.
  3966 | D:5      | Reached skill level 10 in Unarmed Combat
  4343 | D:6      | Reached XP level 8. HP: 74/74 MP: 3/3
  4492 | D:6      | Found a staircase to the Ecumenical Temple.
  4516 | Temple   | Entered the Ecumenical Temple
  4582 | Temple   | Became a worshipper of Warmaster Okawaru
  4582 | Temple   | Acquired Okawaru's first power
  4917 | D:6      | Reached skill level 11 in Unarmed Combat
  4921 | D:6      | Found a bloodstained altar of Trog.
  5045 | D:6      | Reached skill level 12 in Unarmed Combat
  5045 | D:6      | Reached XP level 9. HP: 40/80 MP: 4/4
  5521 | D:7      | Reached skill level 13 in Unarmed Combat
  5883 | D:7      | Noticed Sigmund
  5889 | D:7      | Killed Sigmund
  6162 | D:8      | Found Mewy's Antique Armour Emporium.
  6178 | D:8      | Bought a silk robe for 176 gold pieces
  6184 | D:8      | Identified the cursed -5 robe of Misfortune {-Cast Contam *Tele EV-4 Str-2 Dex-2 Int-2 Stlth-- Curse} (You bought it in a shop on level 8 of the Dungeon)
  6207 | D:8      | Gained mutation: You are frail (-10% HP). [mutagenic glow]
  6230 | D:8      | Found a shadowy altar of Dithmenos.
  6284 | D:8      | Reached skill level 14 in Unarmed Combat
  6348 | D:8      | Found a white marble altar of Elyvilon.
  6566 | D:8      | Reached XP level 10. HP: 80/80 MP: 2/4
  6834 | D:8      | Noticed a three-headed hydra
  7008 | D:8      | Killed a three-headed hydra
  7015 | D:8      | Acquired Okawaru's second power
  7475 | D:9      | Noticed Psyche
  7479 | D:9      | Reached skill level 15 in Unarmed Combat
  7484 | D:9      | Killed Psyche
  7650 | D:10     | Entered Level 10 of the Dungeon
  7653 | D:10     | Noticed Erica
  7665 | D:10     | Killed Erica
  7665 | D:10     | Received a gift from Okawaru
  7665 | D:10     | Reached skill level 1 in Invocations
  7714 | D:10     | Found a staircase to the Orcish Mines.
  7791 | D:10     | Noticed a hill giant
  7804 | D:10     | Killed a hill giant
  7804 | D:10     | Reached skill level 5 in Fighting
  7804 | D:10     | Reached XP level 11. HP: 49/91 MP: 4/7
  7832 | D:10     | Noticed a griffon
  7864 | D:10     | Noticed a griffon
  7894 | D:10     | Found a staircase to the Lair.
  8406 | D:10     | Killed a griffon
  8423 | D:10     | Reached skill level 16 in Unarmed Combat
  8441 | D:10     | Killed a griffon
  8512 | D:11     | Noticed a hill giant
  8512 | D:11     | Noticed a five-headed hydra
  8537 | Orc:1    | Entered Level 1 of the Orcish Mines
  8556 | Orc:1    | Found Pyquutit's Weapon Shop.
  8877 | Orc:1    | Found Laec's Antique Weapon Shoppe.
  8884 | Orc:1    | Found a frozen archway.
  8893 | IceCv    | Entered an ice cave
  9167 | IceCv    | Received a gift from Okawaru
  9236 | IceCv    | Noticed a death yak
  9243 | IceCv    | Killed a death yak
  9310 | IceCv    | Reached XP level 12. HP: 103/103 MP: 14/14
  9379 | IceCv    | Reached skill level 5 in Invocations
  9492 | IceCv    | Noticed an ice statue
  9631 | IceCv    | Killed an ice statue
  9631 | IceCv    | Reached skill level 17 in Unarmed Combat
  9631 | IceCv    | HP: 3/103 [cloud of freezing vapour (8)]
  9797 | IceCv    | Noticed a death yak
  9814 | IceCv    | Killed a death yak
  9981 | IceCv    | Noticed a frost giant
  9994 | IceCv    | Killed a frost giant
 10008 | IceCv    | Received a gift from Okawaru
 10323 | Orc:1    | Found Duyfasimn's Magic Scroll Boutique.
 10326 | Orc:1    | Bought a scroll of torment for 97 gold pieces
 10326 | Orc:1    | Bought a scroll of enchant armour for 97 gold pieces
 10326 | Orc:1    | Bought a scroll of silence for 97 gold pieces
 10489 | Orc:1    | Found Smenlu Cleru's Book Boutique.
 10831 | D:11     | Killed a five-headed hydra
 10901 | D:11     | Received a gift from Okawaru
 10984 | D:11     | Killed a hill giant
 11000 | D:11     | Noticed a hill giant
 11010 | D:11     | Killed a hill giant
 11260 | D:11     | Reached skill level 18 in Unarmed Combat
 11352 | D:12     | Reached XP level 13. HP: 114/114 MP: 18/18
 11595 | D:12     | Found a portal to a secret trove of treasure.
 11725 | D:12     | Noticed an ogre mage
 11734 | D:12     | Paralysed by an ogre mage for 6 turns
 11742 | D:12     | Killed an ogre mage
 11753 | D:12     | HP: 5/114 [ogre/giant club[an ogre mage] (14)]
 11757 | D:12     | Killed from afar by an orc priest

Action                   |  1- 3 |  4- 6 |  7- 9 | 10-12 | 13-15 || total
-------------------------+-------+-------+-------+-------+-------++-------
Melee: Unarmed           |   113 |   188 |   337 |   619 |    77 ||  1334
 Fire: Blowgun           |       |       |       |       |     1 ||     1
Throw: Tomahawk          |       |       |       |     2 |       ||     2
Invok: Heroism           |       |       |     1 |    13 |     1 ||    15
       Finesse           |       |       |       |     1 |       ||     1
Evoke: Wand              |       |     4 |     1 |    21 |     1 ||    27
       Deck              |       |       |       |       |     4 ||     4
  Use: Scroll            |       |       |    15 |     3 |     1 ||    19
       Potion            |       |       |     6 |     8 |       ||    14
 Stab: Sleeping          |     2 |       |     2 |       |       ||     4
       Fleeing           |       |       |       |     2 |       ||     2
  Eat: Chunk             |    18 |    18 |    24 |    48 |       ||   108
       Royal jelly       |       |       |       |     1 |       ||     1
